 Dungeon Crawl Stone Soup version 0.15-a0-1439-g2e54579 (webtiles) character file.

7764 Herrn the Cleaver (level 11, -1/77 HPs)
             Began as a Demonspawn Fighter on June 12, 2014.
             Was an Elder of Cheibriados.
             Slain by a warg (5 damage)
             ... on Level 11 of the Dungeon.
             The game lasted 00:39:32 (9970 turns).

Herrn the Cleaver (Demonspawn Fighter)              Turns: 9970, Time: 00:39:32

HP  -1/77        AC 16     Str 25      XL: 11   Next:  1%
MP  29/29        EV 16     Int 19      God: Cheibriados [****..]
Gold 313         SH 12     Dex 23      Spells:  1 memorised,  5 levels left

rFire  . . .     SeeInvis .     O - +2,+3 war axe
rCold  + + .     Clarity  .     v - +1 leather armour {rPois}
rNeg   . . .     rCorr    .     c - +0 shield
rPois  +         rRot     .     (no helmet)
rElec  .         Spirit   .     S - +0 cloak
SustAb .         Warding  .     l - +2 pair of gloves
rMut   .         Stasis   .     (no boots)
Gourm  +                        C - amulet of the gourmand
MR     .....                    I - ring of protection from cold
                                B - ring of magical power

@: about to teleport, very slow, not resistant to hostile enchantments, very
unstealthy
A: hooves 2, rough black scales 2, cold resistance 1, demonic guardian 2, frail
1, sense surroundings 1, spit poison 1, freezing cloud immunity
a: Spit Poison, Bend Time, Temporal Distortion, Slouch, Renounce Religion


You were on level 11 of the Dungeon.
You worshipped Cheibriados.
Cheibriados was greatly pleased with you.
You were very full.

You visited 2 branches of the dungeon, and saw 12 of its levels.

You collected 313 gold pieces.

Inventory:

Hand weapons
 a - a +0,+0 war axe
 t - a +1,+0 war axe
 M - the +3,+9 long sword of Evolution {venom, Stlth++}
   (You found it on level 5 of the Dungeon)

   It poisons the flesh of those it strikes.
   It makes you much more stealthy.
 O - a +2,+3 war axe (weapon)
 P - a +0,+0 war axe
Armour
 c - a +0 shield (worn)
 i - a +0 chain mail
 l - a +2 pair of gloves (worn)
 v - a +1 leather armour of poison resistance (worn)
 w - a +0 cloak
 S - a +0 cloak (worn)
 T - a +0 plate armour
Magical devices
 s - a wand of fire (3)
 E - a wand of teleportation (5)
Comestibles
 b - 3 beef jerkies
 d - 7 bread rations
 h - 5 fruits
 o - 3 royal jellies
 z - a slice of pizza
 J - 2 meat rations
Scrolls
 e - a scroll of blinking {unknown}
 g - 4 scrolls of remove curse
 j - a scroll of magic mapping
 k - 7 scrolls of teleportation
 m - 3 scrolls of enchant armour {unknown}
 n - a scroll of random uselessness {unknown}
 p - 2 scrolls of fear {unknown}
 r - 2 scrolls of noise {unknown}
 u - 3 scrolls of enchant weapon I
 x - a scroll of fog {unknown}
 y - 2 scrolls of enchant weapon II {unknown}
 N - a scroll of immolation {unknown}
 Q - a scroll of silence {unknown}
 R - a scroll of enchant weapon III {unknown}
Jewellery
 B - a ring of magical power (left hand)
 C - an amulet of the gourmand (around neck)
 I - a ring of protection from cold (right hand)
Potions
 f - 4 potions of restore abilities
 q - a potion of curing
 F - 2 potions of magic
 K - a potion of cure mutation
 L - a potion of brilliance
Books
 A - a book of the Warp

   Spells                             Type                      Level
   Control Teleport                   Charms/Translocation         4
   *Phase Shift                       Translocation                5
   Warp Weapon                        Charms/Translocation         5
   Dispersal                          Translocation                6
   Controlled Blink                   Translocation                7
   Disjunction                        Translocation                8
 D - a book of Enchantments

   Spells                             Type                      Level
   Tukima's Dance                     Hexes                        3
   Cause Fear                         Hexes                        4
   Silence                            Hexes/Air                    5
   Deflect Missiles                   Charms/Air                   6
   Haste                              Charms                       6
   Discord                            Hexes                        8
 G - a Grand Grimoire {highlevel, unknown}

   This book is beyond your current level of understanding.

   Spells                             Type                      Level
   Aura of Abjuration                 Summoning                    6
   Forceful Dismissal                 Summoning                    6
   Haunt                              Necromancy/Summoning         7
   Summon Greater Demon               Summoning                    7
   Malign Gateway                     Summoning/Translocation      7
   Summon Horrible Things             Summoning                    8
Miscellaneous
 H - a fan of gales


   Skills:
 * Level 8.2 Fighting
 * Level 8.7 Axes
 + Level 4.7 Armour
 + Level 6.4 Dodging
 + Level 6.6 Shields
 * Level 1.3 Invocations
 - Level 6.0 Evocations


You had 5 spell levels left.
You knew the following spells:

 Your Spells              Type           Power        Failure   Level  Hunger
a - Phase Shift           Tloc           #.........   100%        5    ######.


Dungeon Overview and Level Annotations

Branches:
Dungeon (11/15)            Temple (1/1) D:6             Orc (0/4) D:9
   Lair: D:8-11

Altars:
Ashenzari
Cheibriados
Elyvilon
Fedhas
Gozag
Kikubaaqudgha
Makhleb
Nemelex Xobeh
Okawaru
Qazlal
Sif Muna
Trog
Vehumet
Xom
Yredelemnul
Zin
The Shining One
Beogh

Shops:
D:6 !


Innate Abilities, Weirdness & Mutations

You have hoof-like feet.
You are mostly covered in rough black scales (AC +7, Dex -2).
Your flesh is cold resistant.
A demonic guardian rushes to your aid.
You are immune to freezing clouds.
You are frail (-10% HP).
You passively map a small area around you.
You can spit poison.


Message History

The skeletal warrior hits you but does no damage.
You block the skeletal warrior's attack.
The warg bites your soul eater but does no damage.
You feel better. You block the warg's attack.
The skeletal warrior hits your soul eater but does no damage.
The skeletal warrior misses you. The troll misses you. The troll misses you.
The troll claws you but does no damage. The skeletal warrior barely misses you.
The warg bites your soul eater but does no damage.
Your soul eater completely misses the warg.
The warg bites your sixfirhy.
The warg bites your soul eater but does no damage.
The skeletal warrior hits your soul eater with a short sword!!
You block the warg's attack.
The skeletal warrior hits your soul eater with a battleaxe!
Your soul eater barely misses the skeletal warrior.
The skeletal warrior hits you from afar with a vampiric glaive!
* * * LOW HITPOINT WARNING * * *
The skeletal warrior draws strength from your injuries!
You block the warg's attack. The warg bites you.
You die...

#...# , , #...# , , #...#
,, ########...############
, ........................
.........................
,
....................!....
..................z......
................@3zu......
,
..<.............hhz.....u.
................Thz.......
................4....%...
.........................
,
.........................
........................
............####.....## *
............#* .......,


You could see 4 skeletal warriors, 2 ugly things, a troll, 3 wargs, a friendly
soul eater and a friendly sixfirhy.

Vanquished Creatures
  A hydra (D:9)
  3 kobold demonologists (D:9)
  A troll (D:10)
  A hydra skeleton (D:7)
  The ghost of Crauler the Chucker, an average OgHu (D:3)
  A hippogriff (D:8)
  A neqoxec (D:9)
  An ice beast (D:9)
  The ghost of zhaba the Sneak, an average VSAs of Dithmenos (D:4)
  A water moccasin (D:6)
  A necrophage (D:6)
  3 sky beasts
  3 orc warriors
  3 phantoms
  2 black bears (D:9)
  4 ogres
  3 centaurs
  Sigmund (D:6)
  Duvessa (D:5)
  A big kobold (D:10)
  3 giant frogs
  A yak zombie (D:8)
  3 scorpions
  A troll zombie (D:7)
  4 wights (D:9)
  A yak skeleton (D:7)
  A killer bee (D:11)
  Dowan (D:5)
  4 hounds
  A goliath beetle (D:9)
  4 orc priests
  A giant frog zombie (D:5)
  An iron imp (D:9)
  3 crimson imps
  4 jellies
  7 worker ants
  3 orc wizards
  4 iguanas
  A big kobold skeleton (D:10)
  A hound skeleton (D:8)
  11 adders
  4 gnolls
  2 shadow imps (D:6)
  4 worms
  An iguana zombie (D:8)
  2 orc zombies
  3 oozes
  17 orcs
  25 bats
  6 giant cockroaches
  14 goblins
  18 hobgoblins
  21 kobolds
  5 quokkas
  6 giant geckos
  A giant newt (D:7)
  9 jackals
  17 rats
249 creatures vanquished.

Vanquished Creatures (collateral kills)
  The ghost of zhaba the Covert, an experienced VSAs of Dithmenos (D:8)
  Pikel (D:9)
  A troll (D:9)
  Grinder (D:4)
  A hippogriff (D:7)
  2 phantoms
  An ogre (D:9)
  A necrophage (D:7)
  2 ice beasts
  3 killer bees (D:11)
  A hound (D:8)
  An adder (D:5)
  A hobgoblin (D:4)
  2 kobolds
  A rat (D:9)
20 creatures vanquished.

Vanquished Creatures (others)
  An ice devil (D:9)
  2 smoke demons (D:9)
  4 crimson imps
  2 quasits
  4 iron imps
  An orc wizard (D:8)
  3 white imps
  9 ufetubi
  A bat (D:9)
  A kobold (D:9)
28 creatures vanquished.

Grand Total: 297 creatures vanquished

Notes
Turn   | Place    | Note
--------------------------------------------------------------
     0 | D:1      | Herrn, the Demonspawn Fighter, began the quest for the Orb.
     0 | D:1      | Reached XP level 1. HP: 18/18 MP: 1/1
   121 | D:1      | Gained mutation: A weak demonic guardian rushes to your aid. [demonic ancestry]
   121 | D:1      | Reached XP level 2. HP: 18/24 MP: 2/2
   546 | D:2      | Gained mutation: You have large cloven feet. [demonic ancestry]
   546 | D:2      | Reached XP level 3. HP: 20/29 MP: 3/3
   997 | D:2      | Reached skill level 1 in Dodging
  1179 | D:2      | Reached XP level 4. HP: 24/35 MP: 4/4
  1633 | D:3      | Noticed Crauler's ghost (average OgHu)
  1644 | D:3      | Killed Crauler's ghost
  1644 | D:3      | Reached skill level 4 in Fighting
  1644 | D:3      | Gained mutation: Your flesh is cold resistant. [demonic ancestry]
  1644 | D:3      | Reached XP level 5. HP: 12/42 MP: 5/5
  1872 | D:3      | Found a glowing golden altar of the Shining One.
  2092 | D:3      | Found a sparkling altar of Nemelex Xobeh.
  2427 | D:3      | Found an iron altar of Okawaru.
  2442 | D:3      | Gained mutation: You are partially covered in rough black scales (AC +4, Dex -1). [demonic ancestry]
  2442 | D:3      | Reached XP level 6. HP: 34/48 MP: 6/6
  2570 | D:4      | Noticed zhaba's ghost (average VSAs)
  2572 | D:4      | Noticed Grinder
  2589 | D:4      | Killed zhaba's ghost
  2593 | D:4      | Killed Grinder
  2593 | D:4      | Gained mutation: You are immune to freezing clouds. [demonic ancestry]
  2593 | D:4      | Reached XP level 7. HP: 38/55 MP: 7/7
  2620 | D:4      | Reached skill level 5 in Fighting
  2891 | D:4      | Found a sparkling altar of Nemelex Xobeh.
  2994 | D:4      | Gained mutation: You are frail (-10% HP). [potion of mutation]
  2994 | D:4      | Gained mutation: You passively map a small area around you. [potion of mutation]
  2994 | D:4      | Gained mutation: You can spit poison. [potion of mutation]
  3337 | D:5      | Entered Level 5 of the Dungeon
  3352 | D:5      | Noticed Duvessa
  3353 | D:5      | Noticed Dowan
  3384 | D:5      | Killed Duvessa
  3387 | D:5      | HP: 1/50 [Dowan/shard of ice (2)]
  3391 | D:5      | Killed Dowan
  3937 | D:5      | Reached skill level 1 in Evocations
  4220 | D:5      | Reached XP level 8. HP: 30/56 MP: 9/9
  4233 | D:5      | Got a slimy long sword
  4236 | D:5      | Identified the +3,+9 long sword of Evolution {venom, Stlth++} (You found it on level 5 of the Dungeon)
  4654 | D:6      | Reached skill level 5 in Axes
  4878 | D:6      | Found a shimmering altar of Xom.
  4878 | D:6      | Found a burning altar of Makhleb.
  5117 | D:6      | Noticed Sigmund
  5129 | D:6      | Killed Sigmund
  5309 | D:6      | Found Peiser Tedei's Distillery.
  5364 | D:6      | Reached skill level 6 in Fighting
  5600 | D:6      | Found a deep blue altar of Sif Muna.
  5600 | D:6      | Found a basalt altar of Yredelemnul.
  5709 | D:6      | Found a staircase to the Ecumenical Temple.
  5715 | Temple   | Entered the Ecumenical Temple
  5752 | Temple   | Became a worshipper of Cheibriados the Contemplative
  6290 | D:7      | Gained mutation: You have hoof-like feet. [demonic ancestry]
  6290 | D:7      | Reached XP level 9. HP: 47/62 MP: 14/14
  6463 | D:7      | Reached skill level 5 in Shields
  7427 | D:8      | Noticed zhaba's ghost (experienced VSAs)
  7443 | D:8      | Killed zhaba's ghost
  7443 | D:8      | Reached skill level 7 in Fighting
  7484 | D:8      | Found a blossoming altar of Fedhas.
  8349 | D:9      | Found a shattered altar of Ashenzari.
  8356 | D:9      | Noticed a kobold demonologist
  8358 | D:9      | Noticed a kobold demonologist
  8362 | D:9      | Noticed an orange demon
  8369 | D:9      | Noticed a kobold demonologist
  8369 | D:9      | Killed a kobold demonologist
  8369 | D:9      | Reached skill level 5 in Dodging
  8369 | D:9      | Reached skill level 5 in Evocations
  8369 | D:9      | Gained mutation: A demonic guardian rushes to your aid. [demonic ancestry]
  8369 | D:9      | Reached XP level 10. HP: 51/71 MP: 18/18
  8370 | D:9      | Killed a kobold demonologist
  8377 | D:9      | Killed a kobold demonologist
  8544 | D:9      | Noticed Pikel
  8550 | D:9      | Killed Pikel
  8908 | D:9      | Noticed an eight-headed hydra
  8911 | D:9      | Killed an eight-headed hydra
  8911 | D:9      | Reached skill level 8 in Fighting
  8913 | D:9      | Acquired Cheibriados' first power
  9070 | D:9      | Found a staircase to the Orcish Mines.
  9079 | D:9      | Found a roughly hewn altar of Beogh.
  9381 | D:10     | Entered Level 10 of the Dungeon
  9688 | D:10     | Learned a level 5 spell: Phase Shift
  9698 | D:10     | Acquired Cheibriados' second power
  9939 | D:11     | Reached skill level 1 in Invocations
  9955 | D:11     | Noticed a skeletal warrior
  9958 | D:11     | Noticed a skeletal warrior
  9958 | D:11     | Noticed a skeletal warrior
  9959 | D:11     | Noticed a skeletal warrior
  9967 | D:11     | Gained mutation: You are mostly covered in rough black scales (AC +7, Dex -2). [demonic ancestry]
  9967 | D:11     | Reached XP level 11. HP: 18/77 MP: 20/20
  9970 | D:11     | Slain by a warg

Action                   |  1- 3 |  4- 6 |  7- 9 | 10-12 || total
-------------------------+-------+-------+-------+-------++-------
Melee: War axe           |   140 |   106 |   455 |   136 ||   837
 Abil: Evoke Berserk Rag |       |       |     2 |       ||     2
       Spit Poison       |       |       |     1 |       ||     1
Evoke: Wand              |       |       |     2 |     3 ||     5
  Use: Potion            |       |     2 |     6 |     3 ||    11
       Scroll            |       |     6 |     4 |     4 ||    14
 Stab: Distracted        |     1 |     1 |       |       ||     2
